 Dungeon Sprint DCSS version 0.28.0-43-g3370ac3207 (webtiles) character file.

Game seed: 1392542211226620469

1757 Groucho the Imperceptible (level 8, -3/36 HPs)
             Began as a Spriggan Enchanter on Mar 8, 2022.
             Was a Follower of Uskayaw.
             Slain by a hornet (15 damage)
             ... in the Dungeon (Sprint I: "Red Sonja").
             The game lasted 00:02:44 (427 turns).

Groucho the Imperceptible (Spriggan Enchanter)       Turns: 427, Time: 00:02:44

Health: -3/36      AC:  2    Str:  6    XL:     8   Next: 79%
Magic:  23/25      EV: 17    Int: 16    God:    Uskayaw [*.....]
Gold:   427        SH:  0    Dex: 16    Spells: 20/31 levels left

rFire   . . .      SeeInvis +   a - +1 dagger
rCold   . . .      Faith    .   (no shield)
rNeg    . . .      Spirit   .   b - +0 robe
rPois   .          Reflect  .   (helmet restricted)
rElec   .          Harm     .   (no cloak)
rCorr   .          Rampage  .   (gloves unavailable)
Will    +....      NoTele   +   (boots unavailable)
Stlth   ++++++++..              (no amulet)
HPRegen 0.12/turn               (no ring)
MPRegen 0.19/turn               (no ring)

@: confusing by touch, slowed, quick
A: very small, no large weapons, unfitting armour, see invisible, speed 3
a: Renounce Religion, Stomp


You were in the Dungeon.
You worshipped Uskayaw.
Uskayaw was noncommittal.
You visited 1 branch You collected 427 gold pieces.

Inventory:

Hand Weapons
 a - a +1 dagger (weapon)
Armour
 b - a +0 robe (worn)
Wands
 h - a wand of polymorph (7)
Scrolls
 k - a scroll of vulnerability {unknown}
 l - a scroll of magic mapping {unknown}
Potions
 c - a potion of invisibility
 e - a potion of heal wounds
 f - a potion of haste
 g - 2 potions of magic
 i - 2 potions of attraction {unknown}
 j - a potion of resistance {unknown}


   Skills:
 - Level 1.1 Short Blades
 - Level 2.6 Dodging
 * Level 21.0 Stealth
 + Level 12.1 Spellcasting
 + Level 12.3 Hexes


You had 20 spell levels left.
You knew the following spells:

 Your Spells              Type           Power      Damage    Failure   Level
a - Ensorcelled Hibernat  Hex/Ice        58%        N/A       1%          2
b - Confusing Touch       Hex            49%        N/A       1%          3
c - Dazzling Flash        Conj/Hex       58%        N/A       1%          3
d - Tukima's Dance        Hex            49%        N/A       1%          3

Your spell library contained the following spells:

 Spells                   Type           Power      Damage    Failure   Level


Dungeon Overview and Level Annotations

Branches:
Dungeon (1/1)

Altars:
Cheibriados
Dithmenos
Elyvilon
Fedhas
Gozag
Hepliaklqana
Kikubaaqudgha
Makhleb
Nemelex Xobeh
Okawaru
Qazlal
Ru
Sif Muna
Trog
Uskayaw
Vehumet
Wu Jian
Xom
Yredelemnul
Zin
The Shining One
Jiyva
Lugonu

Shops:
D [


Innate Abilities, Weirdness & Mutations

You are very small and have problems with some larger weapons.
You are too small for most types of armour.
You have supernaturally acute eyesight. (SInv)
You cover ground extremely quickly. (Speed+++)


Message History

The helpless centaur warrior fails to defend itself.
You stick the centaur warrior like a pincushion!!!!
You kill the centaur warrior!
Uskayaw will force your foes to helplessly watch your dance.
Your Stealth skill gained 2 levels and is now at level 21!
Your Spellcasting skill increases to level 12!
Your Hexes skill increases to level 12!
Things that are here:
a +0 longbow; 14 arrows; a centaur corpse
Things that are here:
a +0 longbow; 21 arrows You now have 427 gold pieces (gained 15).
i - 2 smoky silvery potions You can no longer pass through a line of other dancers.
Things that are here:
a +0 longbow; 21 arrows You start resting.
Magic restored.
As you open the door, it creaks loudly!
A hornet comes into view.
The hornet buzzes angrily.
Found 54 gold pieces.
Cast which spell? (? or * to list)
Your hands begin to glow red.
The hornet stings you!
You feel yourself slow down.
Unknown command.
You closely miss the hornet.
You feel yourself speed up. The hornet completely misses you.
The hornet stings you!
You are lethally poisoned!
You feel yourself slow down.
You closely miss the hornet.
You feel yourself speed up.
* * * LOW HITPOINT WARNING * * *
You feel very sick. The hornet stings you.
* * * LOW HITPOINT WARNING * * *
You feel yourself slow down. The hornet misses you.
You feel better. The hornet misses you. The hornet stings you!
You die...

##################
..'..#.)'..#__#..+
).#.)'..#..'..'..#
####+#####'#__####
###..#...#.####§§#
__####..##§#§§§§@#
_____##'#_.§≈≈§§§y..#
_.∩..†'..._#§§§.§#$$#
_..__##_.#'##+#####+#
_____###+#.# ######
###


You could see a hornet.

Vanquished Creatures
  2 centaur warriors (D)
  A slime creature (D)
  Sigmund (D)
  A yak (D)
  An ogre (D)
  A jelly (D)
  Ijyb (D)
8 creatures vanquished.

Notes
Turn   | Place    | Note
-------+----------+-------------------------------------------
     0 | D        | Groucho the Spriggan Enchanter began the quest for the Orb.
     0 | D        | Reached XP level 1. HP: 9/9 MP: 5/5
     2 | D        | Noticed Ijyb
     9 | D        | Killed Ijyb
    10 | D        | Reached skill level 7 in Stealth
    10 | D        | Reached skill level 5 in Hexes
    10 | D        | Reached XP level 2. HP: 10/13 MP: 6/8
   246 | D        | Learned a level 2 spell: Ensorcelled Hibernation
   252 | D        | Noticed an ogre
   254 | D        | Killed an ogre
   255 | D        | Reached skill level 10 in Stealth
   255 | D        | Reached XP level 3. HP: 16/16 MP: 8/11
   255 | D        | Reached XP level 4. HP: 21/21 MP: 9/13
   270 | D        | Noticed Sigmund
   272 | D        | Killed Sigmund
   273 | D        | Reached skill level 14 in Stealth
   273 | D        | Reached XP level 5. HP: 24/24 MP: 11/16
   277 | D        | Learned a level 3 spell: Confusing Touch
   281 | D        | Learned a level 3 spell: Dazzling Flash
   285 | D        | Learned a level 3 spell: Tukima's Dance
   300 | D        | Found a shimmering blue altar of Sif Muna.
   301 | D        | Found an ornate altar of the Wu Jian Council.
   302 | D        | Found a radiant altar of Vehumet.
   307 | D        | Reached XP level 6. HP: 28/28 MP: 18/18
   342 | D        | Found Lahekli's Antique Armour Emporium.
   342 | D        | Found an ancient bone altar of Kikubaaqudgha.
   342 | D        | Found a hazy altar of Hepliaklqana.
   342 | D        | Found a stormy altar of Qazlal.
   342 | D        | Found a hide-covered altar of Uskayaw.
   342 | D        | Found a blossoming altar of Fedhas.
   342 | D        | Found a bloodstained altar of Trog.
   342 | D        | Found an iron altar of Okawaru.
   342 | D        | Found a basalt altar of Yredelemnul.
   342 | D        | Found a glowing golden altar of the Shining One.
   342 | D        | Found a snail-covered altar of Cheibriados.
   342 | D        | Found a sacrificial altar of Ru.
   342 | D        | Found a glowing silver altar of Zin.
   342 | D        | Found a shadowy altar of Dithmenos.
   342 | D        | Found a white marble altar of Elyvilon.
   342 | D        | Noticed a yak
   343 | D        | Found an opulent altar of Gozag.
   344 | D        | Killed a yak
   345 | D        | Reached skill level 15 in Stealth
   345 | D        | Found a sparkling altar of Nemelex Xobeh.
   357 | D        | Became a worshipper of Uskayaw the Reveller
   372 | D        | Found a burning altar of Makhleb.
   372 | D        | Found a shimmering altar of Xom.
   372 | D        | Noticed a slime creature
   373 | D        | Found a viscous altar of Jiyva.
   373 | D        | Found a corrupted altar of Lugonu.
   375 | D        | Killed a slime creature
   375 | D        | Reached * piety under Uskayaw
   376 | D        | Reached skill level 17 in Stealth
   376 | D        | Reached skill level 10 in Hexes
   376 | D        | Reached XP level 7. HP: 32/32 MP: 21/21
   397 | D        | Noticed a centaur warrior
   402 | D        | Noticed a centaur warrior
   403 | D        | Killed a centaur warrior
   403 | D        | Reached ** piety under Uskayaw
   404 | D        | Reached skill level 19 in Stealth
   404 | D        | Reached XP level 8. HP: 36/36 MP: 22/24
   404 | D        | Killed a centaur warrior
   404 | D        | Reached *** piety under Uskayaw
   405 | D        | Reached skill level 21 in Stealth
   423 | D        | Noticed a hornet
   427 | D        | Slain by a hornet

Illustrated notes

Levels and vault maps discovered:
D:        dungeon_sprint_1 [red_sonja_temple_1, red_sonja_temple_small_1]

Skill      XL: |  1  2  3  4  5  6  7  8 |
---------------+-------------------------+-----
Stealth        | 7 10 14 17 19 21 | 21.0
Spellcasting   | 4 6 7 8 9 11 12 | 12.1
Hexes          | 5 6 8 10 11 12 | 12.3
Short Blades   | |  1.1
Dodging        | |  2.6

Action                   |  1- 3 |  4- 6 |  7- 9 || total
-------------------------+-------+-------+-------++-------
Melee: Dagger            |     5 |     4 |     4 ||    13
 Cast: Confusing Touch   |       |       |     1 ||     1
  Use: Potion            |     1 |       |     1 ||     2
       Scroll            |       |       |     1 ||     1
 Stab: Sleeping          |     2 |     4 |     2 ||     8
Dodge: Dodged            |     1 |       |     3 ||     4
